 Dungeon Crawl Stone Soup version 0.26-a0-1138-gef23d1325b (webtiles) character file.

Game seed: 9109507652557979282

18110 ANON1729 the Grappler (level 12, 0/96 HPs)
             Began as a Deep Dwarf Fighter on Dec 21, 2020.
             Was a Follower of Ru.
             Slain by an eight-headed hydra (6 damage)
             ... on level 3 of the Lair of Beasts on Dec 22, 2020.
             The game lasted 00:43:22 (12063 turns).

ANON1729 the Grappler (Deep Dwarf Fighter)         Turns: 12063, Time: 00:43:23

Health: 0/96       AC:  9    Str: 30    XL:     12   Next: 24%
Magic:  4/4        EV: 10    Int: 13    God:    Ru [*.....]
Gold:   838        SH:  7    Dex: 16    Spells: 32/32 levels left

rFire    + + +     SeeInvis .     - Unarmed
rCold    + + .     Faith    .   w - +2 buckler {rF+}
rNeg     . . .     Spirit   .   L - +3 scale mail of the Youths {Rampage *Corrode rF++ Int+4}
rPois    +         Reflect  .   k - +0 helmet
rElec    +         Harm     .   (no cloak)
rCorr    .         Rampage  +   (no gloves)
Will     ++...                  O - +0 pair of boots of Soft Miracles {rC+ Dex+4 Slay+6} (curse)
Stlth    ..........             (no amulet)
HPRegen  0.00/turn              G - ring "Fimn" {rElec rF+ rC+ Int-4 Dex+3}
MPRegen  0.09/turn              J - ring of Dawn {rPois Will+ Str+9 Dex-3}

@: no potions, corroded, non-regenerating
A: damage resistance, heal wounds, sense surroundings 2, inability to drink
while threatened, no regeneration
a: Heal Wounds, Renounce Religion


You were on level 3 of the Lair of Beasts.
You worshipped Ru.
Ru was aware of your devotion.
You visited 3 branches of the dungeon, and saw 13 of its levels.
You also visited: Sewer and Bailey.

You collected 838 gold pieces.

Inventory:

Hand Weapons
 g - a +1 dagger of venom
 v - a +0 scimitar of flaming
 E - a +0 arbalest
Missiles
 q - 2 curare-tipped darts (quivered)
 z - 27 poisoned darts
 D - 200 bolts
Armour
 a - a +0 scale mail
 b - a +0 kite shield
 k - a +0 helmet (worn)
 w - a +2 buckler of fire resistance (worn)
 y - the +0 ring mail of the Doldrums {Str+3}
   (You found it on level 7 of the Dungeon)

   It affects your strength (+3).
 B - a +0 plate armour
 L - the +3 scale mail of the Youths (worn) {Rampage *Corrode rF++ Int+4}
   (You found it on level 9 of the Dungeon)

   It affects your intelligence (+4).
   It greatly protects you from fire.
   It may corrode you when you take damage.
   It bestows one free step when moving towards enemies.
 O - the cursed +0 pair of boots of Soft Miracles (worn) {rC+ Dex+4 Slay+6}
   (You found it on level 9 of the Dungeon)

   It affects your dexterity (+4).
   It affects your accuracy and damage with ranged weapons and melee attacks
   (+6).
   It protects you from cold.
   It has a curse placed upon it.
Jewellery
 e - the ring of the Pariah {+Fly Str+4}
   (You found it on level 8 of the Dungeon)

   [ring of flight]

   It affects your strength (+4).
   It lets you fly.
 j - an uncursed ring of positive energy
 C - an uncursed ring of wizardry
 G - the ring "Fimn" (left hand) {rElec rF+ rC+ Int-4 Dex+3}
   (You acquired it in a bailey)

   [ring of protection from cold]

   It affects your intelligence (-4).
   It affects your dexterity (+3).
   It protects you from fire.
   It protects you from cold.
   It insulates you from electricity.
 J - the ring of Dawn (right hand) {rPois Will+ Str+9 Dex-3}
   (You found it on level 8 of the Dungeon)

   [ring of willpower]

   It affects your strength (+9).
   It affects your dexterity (-3).
   It protects you from poison.
   It affects your willpower, your defense against some magical effects.
 U - an uncursed ring of resist corrosion {unknown}
Wands
 K - a wand of iceblast (1)
Scrolls
 d - 4 scrolls of enchant armour
 f - 5 scrolls of teleportation
 h - a scroll of magic mapping
 m - 2 scrolls of enchant weapon
 n - 8 scrolls of remove curse
 r - 6 scrolls of identify
 s - 5 scrolls of blinking
 t - a scroll of fear
 x - 2 scrolls of amnesia
 P - a scroll of acquirement
 T - 3 scrolls of random uselessness {unknown}
 V - a scroll of brand weapon {unknown}
Potions
 c - 2 potions of might
 i - 2 potions of lignification
 l - 3 potions of curing
 o - 2 potions of flight
 p - 6 potions of heal wounds
 u - a potion of attraction
 A - a potion of mutation
 H - 2 potions of cancellation
 I - a potion of magic
 M - 4 potions of haste {unknown}
 N - a potion of resistance
 R - a potion of brilliance {unknown}
 S - a potion of invisibility {unknown}
Miscellaneous
 F - a condenser vane (inert)
 Q - a box of beasts (inert)


   Skills:
 - Level 2.8 Fighting
 + Level 8.0 Armour
 - Level 4.0 Shields
 + Level 12.6 Unarmed Combat
 + Level 10.9 Spellcasting


You had 32 spell levels left.
You didn't know any spells.
Your spell library was empty.

Dungeon Overview and Level Annotations

Branches:
Dungeon (9/15)             Temple (1/1) D:4            Lair (3/6) D:9
  Swamp (0/4) Lair:3        Snake (0/4) Lair:2        Sewer (visited)
 Bailey (visited)
    Orc: D:9-12

Altars:
Ashenzari
Cheibriados
Dithmenos
Elyvilon
Fedhas
Gozag
Hepliaklqana
Kikubaaqudgha
Makhleb
Nemelex Xobeh
Okawaru
Qazlal
Ru
Sif Muna
Trog
Uskayaw
Vehumet
Wu Jian
Xom
Yredelemnul
Zin
The Shining One


Innate Abilities, Weirdness & Mutations

You are resistant to damage.
You can heal yourself by infusing magical energy.
You passively map the area around you.
You cannot drink potions while threatened.
You do not regenerate.


Message History

The eight-headed hydra bites you.
The eight-headed hydra barely misses you.
The eight-headed hydra bites you. x2
You pummel the eight-headed hydra!!
The eight-headed hydra is heavily wounded.
A nearby plant withers and dies.
You hit the eight-headed hydra.
The eight-headed hydra is heavily wounded.
The eight-headed hydra bites you!
* * * LOW HITPOINT WARNING * * *
The eight-headed hydra barely misses you.
The eight-headed hydra bites you!
* * * LOW HITPOINT WARNING * * *
You block the eight-headed hydra's attack.
The eight-headed hydra bites you but does no damage.
The eight-headed hydra barely misses you.
The eight-headed hydra bites you!
* * * LOW HITPOINT WARNING * * *
Your corrosive artefact corrodes you!
The eight-headed hydra bites you!
You die...

* #### * #@D#### ###### ,,
#.#§§..## ### .#.#.#### ###.....#
#.. * #......#..# ####.## #.#,*
#.....###.###### ##.### #.##
.†....###..##..####....# #..##
#..#....#........##...## ####....
...#....#.......##....P###....[..
....##..........##.P...##........


You could see an eight-headed hydra.

Vanquished Creatures
  A hydra (Lair:2)
  Erica (Lair:2)
  A two-headed ogre (D:8)
  Nergalle (Lair:2)
  An orc knight (Bailey)
  Pikel (D:7)
  A manticore (D:8)
  3 elephants (Lair:3)
  A black mamba (Lair:3)
  6 cane toads
  A guardian serpent (shapeshifter) (D:8)
  3 komodo dragons
  A troll (D:9)
  A tyrant leech (Lair:3)
  5 blink frogs (Lair:1)
  A wraith (D:8)
  9 yaks
  3 fire bats (D:9)
  3 fire elementals (D:9)
  2 basilisks (Lair:3)
  Menkaure (D:6)
  2 water moccasins
  A swamp worm (Lair:3)
  13 orc warriors
  A sky beast (D:7)
  3 black bears
  2 ice beasts
  A necrophage (D:9)
  3 centaurs
  6 ogres
  5 wolves
  2 big kobolds (Sewer)
  Blork the orc (D:4)
  10 bullfrogs
  7 scorpions
  A killer bee (D:8)
  An electric eel (Lair:2)
  3 howler monkeys
  2 quasits
  2 centaur zombies
  A gnoll shaman (D:4)
  4 hounds
  5 orc priests
  3 centaur skeletons
  2 bullfrog skeletons
  6 orc wizards
  2 iguanas
  4 worker ants
  2 killer bee zombies
  2 hound zombies (D:9)
  2 hound skeletons
  A howler monkey zombie (D:5)
  A worker ant zombie (D:8)
  Robin (D:2)
  9 adders
  6 gnolls
  A howler monkey skeleton (D:9)
  6 river rats (Sewer)
  4 shadow imps
  5 white imps
  3 ufetubi
  4 oozes
  An adder zombie (D:9)
  3 adder skeletons
  5 worms
  2 dart slugs
  4 leopard geckos
  30 orcs
  9 bats
  8 giant cockroaches
  9 hobgoblins
  16 jackals
  20 kobolds
  3 quokkas
  5 ball pythons
  7 frilled lizards
  21 goblins
  A leopard gecko zombie (D:8)
  22 rats
353 creatures vanquished.

Vanquished Creatures (others)
  A quokka (D:5)
  3 fungi
  10 plants
14 creatures vanquished.

Grand Total: 367 creatures vanquished

Notes
Turn   | Place    | Note
-------+----------+-------------------------------------------
     0 | D:1      | ANON1729 the Deep Dwarf Fighter began the quest for the
                  | Orb.
     0 | D:1      | Reached XP level 1. HP: 20/20 MP: 1/1
   108 | D:1      | Reached skill level 2 in Unarmed Combat
   108 | D:1      | Reached XP level 2. HP: 16/27 MP: 2/2
   664 | D:1      | Reached XP level 3. HP: 13/33 MP: 3/3
  1141 | D:2      | Reached skill level 3 in Unarmed Combat
  1185 | D:2      | Found a hazy altar of Hepliaklqana.
  1258 | D:2      | Noticed Robin
  1290 | D:2      | Killed Robin
  1291 | D:2      | Reached XP level 4. HP: 21/40 MP: 4/4
  1786 | D:3      | Found a glowing drain.
  1793 | Sewer    | Entered a sewer
  1816 | Sewer    | Reached skill level 4 in Unarmed Combat
  1896 | Sewer    | Noticed a big kobold
  1896 | Sewer    | Noticed a big kobold
  1953 | Sewer    | Killed a big kobold
  1954 | Sewer    | Reached skill level 1 in Spellcasting
  1954 | Sewer    | Reached XP level 5. HP: 41/48 MP: 4/7
  1961 | Sewer    | Reached XP level 6. HP: 45/55 MP: 4/9
  2137 | Sewer    | Reached skill level 5 in Unarmed Combat
  2860 | D:3      | Found an ancient bone altar of Kikubaaqudgha.
  2860 | D:3      | Found a sparkling altar of Nemelex Xobeh.
  3063 | D:3      | Found a glowing silver altar of Zin.
  3651 | D:4      | Reached XP level 7. HP: 38/61 MP: 10/10
  3844 | D:4      | Noticed Blork the orc
  3858 | D:4      | Killed Blork the orc
  3930 | D:4      | Reached skill level 6 in Unarmed Combat
  4038 | D:4      | Found a broken altar of Ashenzari.
  4087 | D:4      | Found a shimmering blue altar of Sif Muna.
  4190 | D:4      | Found a staircase to the Ecumenical Temple.
  4474 | D:5      | Entered Level 5 of the Dungeon
  4476 | D:5      | Found a hazy altar of Hepliaklqana.
  4649 | D:5      | Reached XP level 8. HP: 24/68 MP: 12/12
  4682 | D:5      | Found a white marble altar of Elyvilon.
  4752 | D:5      | HP: 3/68 [orc priest/divine providence (12)]
  4752 | D:5      | HP: 1/68 [frilled lizard (2)]
  4898 | D:5      | Reached skill level 7 in Unarmed Combat
  4908 | D:5      | Reached skill level 5 in Spellcasting
  5162 | D:6      | Noticed Menkaure
  5195 | D:6      | Killed Menkaure
  5527 | D:6      | Reached skill level 8 in Unarmed Combat
  5888 | D:7      | Noticed a two-headed ogre
  6116 | D:7      | Gained mutation: You passively map the area around you.
                  | [Deep Dwarf growth]
  6116 | D:7      | Reached XP level 9. HP: 73/74 MP: 13/13
  6120 | D:7      | Got a dazzling ring mail
  6146 | D:7      | Identified the +0 ring mail of the Doldrums {Str+3} (You
                  | found it on level 7 of the Dungeon)
  6255 | D:7      | Found a shimmering altar of Xom.
  6489 | D:7      | Noticed Pikel
  6514 | D:7      | Killed Pikel
  6515 | D:7      | Reached skill level 9 in Unarmed Combat
  7013 | D:8      | Noticed a two-headed ogre
  7016 | D:8      | Found a flagged portal.
  7048 | D:8      | Killed a two-headed ogre
  7097 | Bailey   | Entered a bailey
  7423 | Bailey   | Reached XP level 10. HP: 35/82 MP: 13/13
  7459 | Bailey   | Reached skill level 10 in Unarmed Combat
  7481 | Bailey   | Found a roughly hewn altar of Beogh.
  7481 | Bailey   | Noticed an orc knight
  7492 | Bailey   | Killed an orc knight
  7512 | Bailey   | Identified a scroll of acquirement
  7525 | Bailey   | Acquired the ring "Fimn" {rElec rF+ rC+ Int-4 Dex+3}
  8393 | D:8      | Noticed a manticore
  8398 | D:8      | Noticed a guardian serpent
  8398 | D:8      | a komodo dragon changed into a guardian serpent
  8414 | D:8      | Killed a guardian serpent
  8436 | D:8      | Killed a manticore
  8437 | D:8      | Reached skill level 11 in Unarmed Combat
  8551 | D:8      | Got a sparkling platinum ring
  8553 | D:8      | Identified the ring of Dawn {rPois Will+ Str+9 Dex-3} (You
                  | found it on level 8 of the Dungeon)
  8559 | D:8      | Got a heavily runed iron ring
  8561 | D:8      | Identified the ring of the Pariah {+Fly Str+4} (You found
                  | it on level 8 of the Dungeon)
  8570 | D:8      | Got a warped steel ring
  8573 | D:8      | Got a sparkling brass ring
  8776 | D:8      | Identified the ring "Kanybuod" {+Fly Dex+3} (You found it
                  | on level 8 of the Dungeon)
  8778 | D:8      | Identified the ring of the Evil One {*Tele *Drain rElec
                  | rPois} (You found it on level 8 of the Dungeon)
  8982 | D:9      | Got a masterwork scale mail
  9007 | D:9      | Identified the +3 scale mail of the Youths {Rampage
                  | *Corrode rF++ Int+4} (You found it on level 9 of the
                  | Dungeon)
  9065 | D:9      | Found a radiant altar of Vehumet.
  9125 | D:9      | Found a staircase to the Lair.
  9136 | D:9      | Found a transporter.
  9217 | D:9      | Reached XP level 11. HP: 62/83 MP: 11/11
  9385 | D:9      | Found a transporter.
  9616 | Temple   | Entered the Ecumenical Temple
  9635 | Temple   | Became a worshipper of Ru the Awakened
  9902 | D:9      | Got a pair of warped boots
  9911 | D:9      | Identified the cursed +0 pair of boots of Soft Miracles
                  | {rC+ Dex+4 Slay+6} (You found it on level 9 of the Dungeon)
  9932 | Lair:1   | Entered Level 1 of the Lair of Beasts
 10220 | Lair:1   | Reached skill level 5 in Armour
 10220 | Lair:1   | Reached skill level 10 in Spellcasting
 10893 | Lair:2   | Reached skill level 12 in Unarmed Combat
 10894 | Lair:2   | Noticed a five-headed hydra
 10947 | Lair:2   | Gained mutation: You cannot drink potions while threatened.
                  | [Ru sacrifice]
 10947 | Lair:2   | Reached * piety under Ru
 10962 | Lair:2   | Found a staircase to the Snake Pit.
 11044 | Lair:2   | Killed a five-headed hydra
 11107 | Lair:2   | Noticed Erica
 11124 | Lair:2   | Killed Erica
 11167 | Lair:2   | Noticed Nergalle
 11195 | Lair:2   | Killed Nergalle
 11606 | Lair:3   | Reached XP level 12. HP: 55/96 MP: 8/8
 11929 | Lair:3   | Found a staircase to the Swamp.
 12020 | Lair:3   | Noticed an eight-headed hydra
 12063 | Lair:3   | Slain by an eight-headed hydra

Illustrated notes

Levels and vault maps discovered:
D:1:      dpeg_arrival_simpleton_c, layout_loops_corners, minivault_27,
          st_stairs_14
D:2:      layout_basic, general_overflow_altar, minmay_pentomino_x4, uniq_robin
D:3:      layout_basic, gammafunk_temple_overflow_forgotten,
          cheibrodos_sewer_entry_drain
D:4:      layout_basic, overflow_temple_1_default, lemuel_blue_sif_altar,
          temple_fountains, uniq_blork_the_orc
D:5:      layout_basic, elyvilon_altar_4, basic_altar, minmay_stone_trees_medium
D:6:      layout_basic, uniq_menkaure
D:7:      layout_loops_ring, basic_altar, uniq_pikel
D:8:      minmay_the_grid_triangle_9x9_rhombus_thin
          [minmay_the_grid_triangle_9x9_odd_lines,
          minmay_the_grid_triangle_9x9_prize_special,
          minmay_the_grid_triangle_9x9_dagger,
          minmay_the_grid_triangle_9x9_corruption], layout_loops_corners,
          enter_bailey_3, minmay_fractal_squares_diagonal_5
D:9:      gammafunk_cloud_chamber, layout_cross, lair_entry_dummy, basic_altar
Temple:   nicolae_temple_no_exploring_needed
Lair:1:   layout_hall_layers, grunt_megastairs_5, serial_bayou_shore_a,
          lemuel_fruit_tree
Lair:2:   layout_chaotic_city, uniq_nergalle, uniq_erica
Lair:3:   dpeg_oklob_gauntlet, layout_layer_cave, minmay_swamp_entry_worms

Skill      XL: |  1  2  3  4  5  6  7  8  9 10 11 12 |
---------------+-------------------------------------+-----
Unarmed Combat | 2 3 4 5 6 8 9 11 12 | 12.6
Spellcasting   | 1 2 3 4 6 7 9 10 | 10.9
Shields        | 4 |  4.0
Armour         | 7 8 |  8.0
Fighting       | |  2.8

Action                   |  1- 3 |  4- 6 |  7- 9 | 10-12 || total
-------------------------+-------+-------+-------+-------++-------
Melee: Unarmed           |   224 |    90 |   291 |   629 ||  1234
       Dagger            |       |   276 |   246 |       ||   522
       Punch             |       |       |       |    26 ||    26
 Fire: Arbalest          |       |       |     9 |       ||     9
Throw: Dart              |       |       |    54 |     8 ||    62
Invok: Sacrifice Drink   |       |       |       |     1 ||     1
 Abil: Heal Wounds       |     1 |     4 |    25 |    41 ||    71
Evoke: Wand              |       |       |    11 |    16 ||    27
       Condenser vane    |       |       |       |     2 ||     2
       Box of beasts     |       |       |       |     1 ||     1
  Use: Scroll            |     5 |     4 |     1 |    12 ||    22
       Potion            |       |       |       |     3 ||     3
Armor: Scale mail        |   108 |   145 |   161 |   108 ||   522
       Plate armour      |       |       |    13 |   162 ||   175
Dodge: Dodged            |    62 |   111 |   146 |   209 ||   528
Block: Kite shield       |   122 |   197 |   106 |       ||   425
       Buckler           |       |       |    84 |    74 ||   158

Table legend: (Time is in decaauts)
 A = Elapsed time spent in this place.
 B = Non-inter-level travel time spent in this place.
 C = Inter-level travel time spent in this place.
 D = Time resting spent in this place.
 E = Time spent auto-exploring this place.
 F = Levels seen in this place.
 G = Mean time per level.
                   A        B        C        D        E       F      G
               +--------+--------+--------+--------+--------+-----+--------+
         Total |  11983 |  11215 |    768 |    426 |   7174 |  15 |  798.9 |
       Dungeon |   8656 |   7936 |    720 |    303 |   5266 |   9 |  961.8 |
        Temple |     26 |     15 |     11 |      0 |      0 |   1 |   26.0 |
          Lair |   2074 |   2038 |     36 |     22 |   1486 |   3 |  691.3 |
         Sewer |    793 |    793 |      0 |      0 |    381 |   1 |  793.0 |
        Bailey |    431 |    431 |      0 |    100 |     39 |   1 |  431.0 |
               +--------+--------+--------+--------+--------+-----+--------+

Top non-repeatable levels by time:
     D:8: 1523 daAuts
     D:4: 1066 daAuts
     D:7: 1028 daAuts
     D:1: 998 daAuts
     D:6: 952 daAuts
     D:3: 934 daAuts
  Lair:1: 819 daAuts
   Sewer: 793 daAuts
     D:2: 790 daAuts
     D:9: 757 daAuts
  Lair:2: 716 daAuts
     D:5: 605 daAuts
  Lair:3: 538 daAuts
  Bailey: 431 daAuts
  Temple: 26 daAuts
